[Event "*** Titled Tuesday Blitz"]
[Site "Chess.com"]
[Date "2020.11.03"]
[Round "3"]
[White "Fortitudine"]
[Black "ailime26"]
[Result "0-1"]
[WhiteElo "2275"]
[BlackElo "1902"]
[TimeControl "180+1"]
[EndTime "10:32:11 PST"]
[Termination "ailime26 won on time"]

1. c4 c6 2. Nf3 d5 3. g3 Nf6 4.
Bg2 e6 5. O-O Be7 6. b3 O-O 7. Bb2 Nbd7 8. d4 c5 9. cxd5 Nxd5 10.
e4 N5f6 11. e5 Nd5 12. Nc3 Nxc3 13. Bxc3 cxd4 14. Qxd4 b6 15. Rfd1 Qc7 16. Rac1 Bc5 17. Qd3 g6 18. b4 Be7 19. Bd2 Qb8 20. Bh6 Rd8 21. Bg5 Bxg5 22. Nxg5 Bb7 23. Bxb7 Qxb7 24.
Qe3 a5 25. Ne4 Nxe5 26. Nf6+ Kg7 27. Qxe5 Rxd1+ 28. Rxd1 Qf3 29. Ng4+ Kf8 30. Qh8+ Ke7 31. Qd4 axb4 32. Qd6+ Ke8 33. Ne5 Qb7 34. Qxb4 Qe7 35. Qxe7+ Kxe7 36. Rd2 Kf6 37. Nd7+ Kg7 38. Nxb6 Ra6 39.
Nc4 Ra4 40. Ne3 Ra3 41. h4 h5 42. Kg2 Ra4 43. Nd1 Ra3 44. Ne3 Ra4 45. Rc2 Kf6 46.
Nc4 Kg7 47. Nd6 Kf6 48. Nb5 Kg7 49. Nc3 Ra3 50. Ne2 Kf6 51. Nf4 Kg7 52. f3 Kf6 53. Ne2 Kg7 54. Nc1 Ra4 55. Rb2 Rc4 56. Ne2 Ra4 57.
Nc3 Ra3 58. Nb5 Ra5 59. a3 Kf6 60. Rb3 Ra4 61. Kf2 Ra5 62. Nd4 Ra4 63. Nc2 Rc4 64. Nb4 Rc1 0-1

[Event "*** Titled Tuesday Blitz"]
[Site "Chess.com"]
[Date "2020.11.03"]
[Round "3"]
[White "ChelsieMonica"]
[Black "DonBroca"]
[Result "0-1"]
[WhiteElo "2313"]
[BlackElo "2095"]
[TimeControl "180+1"]
[EndTime "10:32:12 PST"]
[Termination "DonBroca won on time"]

1. c4 Nf6 2. Nc3 d6 3. Nf3 g6 4. d4 Bg7 5. e3 O-O 6. Be2 Nbd7 7.
h3 e5 8. dxe5 dxe5 9. e4 c6 10.
O-O Qc7 11. Be3 Nh5 12. Qc2 Nf4 13. Bxf4 exf4 14. Rad1 h6 15. Rd2 Ne5 16. Nxe5 Bxe5 17. Bf3 Be6 18. b3 Rfd8 19. Rfd1 Kg7 20. Ne2 a5 21. a4 Qb6 22. Bg4 Bxg4 23. hxg4 Qc7 24. Kf1 Qe7 25. Ng1 Bd6 26. Nf3 Bb4 27. Rd4 Bc5 28.
R4d3 Bb6 29. Qc3+ Kh7 30. Qd2 Rxd3 31. Qxd3 Rd8 32. Qe2 Rd6 33. Rd3 Qd7 34. Ne5 Qe6 35. Rxd6 Qxd6 36. Nd3 Qd4 37. Nxf4 Qa1+ 38. Qe1 Qb2 39.
c5 Bxc5 40. Nd3 Qd4 41. Nxc5 Qxc5 42. g3 Kg7 43. Kg2 b6 44. Qd2 Qe5 45. Qc2 c5 46. f4 Qd4 47. e5 Qd5+ 48. Kh3 Qd4 49. Kh2 Qd5 50. Qc3 Qd4 51. Qf3 Qd2+ 52. Kh3 Qe1 53. Qc6 Qf1+ 54. Kh4 Qf2 55. Kh3 Qf1+ 56. Kh2 Qf2+ 57. Qg2 Qxg2+ 58. Kxg2 f6 59. Kf3 fxe5 60.
fxe5 Kf7 61. Kf4 Ke6 62. Ke4 g5 0-1

[Event "*** Titled Tuesday Blitz"]
[Site "Chess.com"]
[Date "2020.11.03"]
[Round "3"]
[White "Kaua18"]
[Black "Alomaterapia"]
[Result "1-0"]
[WhiteElo "2312"]
[BlackElo "2492"]
[TimeControl "180+1"]
[EndTime "10:32:15 PST"]
[Termination "Kaua18 won on time"]

1. e4 e5 2. Nf3 Nc6 3. Bb5 a6 4.
Ba4 Nf6 5. O-O Be7 6. d3 b5 7.
Bb3 O-O 8. c3 d6 9. Re1 Na5 10.
Bc2 c5 11. Nbd2 Nc6 12. Nf1 Be6 13. Ng3 Qd7 14. a4 h6 15. h3 Rfe8 16. d4 cxd4 17. cxd4 exd4 18. Nxd4 Nxd4 19. Qxd4 Bxh3 20. gxh3 Qxh3 21.
Bf4 g5 22. Bxd6 Rad8 23. e5 Ng4 24. Bf5 Qh2+ 25. Kf1 Qh3+ 26. Kg1 Qh2+ 27. Kf1 Qh3+ 28. Ke2 Bxd6 29. Qxg4 Rxe5+ 30. Kf3 Qxg4+ 31. Bxg4 Rd5 32. axb5 axb5 33. Nf5 Bf8 34. Ra6 h5 35. Bh3 Rd3+ 36. Ne3 g4+ 37. Bxg4 hxg4+ 38. Kxg4 R3d4+ 39. Kf3 Bg7 40.
Rg1 Kf8 41. Ra7 R4d7 42. Ra5 Bxb2 43. Rxb5 Bd4 44. Nf5 Bf6 45. Rb6 Rd3+ 46. Kg2 Be5 47. Re1 f6 48. Rh1 Kg8 49. Rb7 R8d7 50. Rxd7 Rxd7 51.
Rb1 Kf7 52. Kf3 Ke6 53. Ne3 Rh7 54. Rb6+ Kf7 55. Ke4 Kg6 56. Ng4 Rh4 57. Kf3 Rh3+ 58.
Kg2 Rh5 59. Ne3 Rg5+ 60. Kf3 Kf7 61. Ke4 Rh5 62. f4 Rh4 63. Nd5 Ba1 64. Rb7+ Kg6 65. Ne7+ Kh5 66. Nf5 1-0

[Event "*** Titled Tuesday Blitz"]
[Site "Chess.com"]
[Date "2020.11.03"]
[Round "3"]
[White "dpopadic"]
[Black "Fins0905"]
[Result "1/2-1/2"]
[WhiteElo "2412"]
[BlackElo "2620"]
[TimeControl "180+1"]
[EndTime "10:32:19 PST"]
[Termination "Game drawn - insufficient material"]

1. e4 d5 2. exd5 Qxd5 3. Nc3 Qa5 4. d4 Nf6 5. Nf3 Bf5 6. Bc4 e6 7. Qe2 Bb4 8. Bd2 Nc6 9. d5 Nxd5 10. Nxd5 Bxd2+ 11. Qxd2 Qxd2+ 12. Nxd2 exd5 13. Bxd5 Nb4 14. Bb3 Bxc2 15.
O-O O-O 16. a3 Bxb3 17. Nxb3 Nd3 18. Rab1 b6 19. Rfd1 Rfd8 20. Kf1 c5 21. Nd2 Rd7 22. Nc4 Rad8 23. g3 f6 24. h4 Kf7 25. Ne3 Ne5 26. Rxd7+ Rxd7 27. Ke2 Nc6 28. Rc1 Nd4+ 29. Ke1 f5 30. b4 cxb4 31. axb4 g6 32. Rc8 Ke6 33.
Re8+ Re7 34. Ra8 Nc6 35. Rh8 Nxb4 36. Kd2 Nd5 37. Nc4 Nf6 38. Ra8 Rd7+ 39. Ke2 Ne4 40. h5 gxh5 41. Re8+ Re7 42. Rf8 Nd6 43. Ne3 a5 44.
Rb8 Rb7 45. Ra8 Re7 46. Kd3 Ne4 47. Ke2 Kf6 48. Rb8 Kg6 49. Rxb6+ Nf6 50. Ra6 Re5 51. Kf3 Rb5 52. Ng2 Kg5 53. Nf4 Rb3+ 54. Kg2 h4 55. Nh3+ Kg4 56. Rxf6 hxg3 57. Ra6 gxf2 58. Nxf2+ Kf4 59.
Ra7 h5 60. Rxa5 Rg3+ 61. Kh2 Rf3 62. Kg2 Rg3+ 63. Kh2 Rb3 64. Ra4+ Kg5 65. Nh3+ Kf6 66. Kg2 Rc3 67. Rb4 Re3 68. Ra4 Re4 69. Ra5 Re5 70.
Ra6+ Re6 71. Rxe6+ Kxe6 72. Kf3 Ke5 73. Nf4 h4 74.
Ng6+ Kf6 75. Nxh4 Kg5 76. Nxf5 1/2-1/2

[Event "*** Titled Tuesday Blitz"]
[Site "Chess.com"]
[Date "2020.11.03"]
[Round "3"]
[White "kingofthenil"]
[Black "TheCairnTerrier"]
[Result "1-0"]
[WhiteElo "2488"]
[BlackElo "2201"]
[TimeControl "180+1"]
[EndTime "10:32:20 PST"]
[Termination "kingofthenil won on time"]

1. e4 c5 2. d3 e6 3. g3 Nc6 4. Bg2 Nf6 5. f4 d5 6. Qe2 Nd4 7. Qd1 dxe4 8. dxe4 Be7 9. c3 Nc6 10. Qxd8+ Bxd8 11. Be3 Be7 12. Nh3 O-O 13. e5 Nd5 14. Bf2 Bd7 15. Nd2 Rfd8 16. Ne4 b6 17. O-O Be8 18. Rfd1 Rac8 19. a4 Na5 20. Bf1 Nb3 21. Ra2 c4 22. Be2 h6 23. Nd2 Nxd2 24. Rxd2 Nxf4 25.
Rxd8 Nxe2+ 26. Kf1 Nxg3+ 27. hxg3 Bxd8 28. Nf4 Bc7 29. Bd4 Bc6 30. a5 bxa5 31. Kf2 Rd8 32. Ke3 Bb6 33. Ne2 f6 34. exf6 gxf6 35. Bxb6 axb6 36. Nf4 e5 37. Nh5 Kf7 38. g4 Rd3+ 39.
Kf2 Rd2+ 40. Ke3 Rg2 41. Ra1 Rxg4 42. Rf1 Re4+ 43. Kd2 Rh4 44. Rxf6+ Ke7 45. Rxh6 Bf3 46. Rh7+ Kd6 47. Nf6 Rxh7 48. Nxh7 Kc5 49. Ng5 e4 50. Ke3 Kb5 51. Kd4 Ka4 52. Kxc4 b5+ 53. Kc5 b4 54. cxb4 axb4 55. Kc4 b3 56. Kc3 Bd1 57. Nxe4 Bc2 58. Nc5+ Ka5 59. Ne6 Kb5 60. Nd4+ Kb6 61. Nf3 Kc6 62. Nd2 Kb6 63. Nc4+ Kc6 64. Kb4 Kb7 65. Na5+ Kb6 66. Nc4+ Kc6 67. Ne3 Kb6 68. Kc4 Kc6 69. Ng4 Kb6 70. Ne5 Ka5 71. Kc5 Ka6 72. Nc4 1-0

[Event "*** Titled Tuesday Blitz"]
[Site "Chess.com"]
[Date "2020.11.03"]
[Round "3"]
[White "ArjunErigaisi2003"]
[Black "Lagmantr"]
[Result "1-0"]
[WhiteElo "2989"]
[BlackElo "2719"]
[TimeControl "180+1"]
[EndTime "10:32:26 PST"]
[Termination "ArjunErigaisi2003 won by resignation"]

1. e4 c6 2. Nf3 d5 3. d3 dxe4 4. dxe4 Qxd1+ 5. Kxd1 g6 6. Be3 Bg7 7. c3 Nf6 8. Bd3 Ng4 9. Ke2 Nxe3 10. Kxe3 e5 11.
a4 Ke7 12. Nfd2 Be6 13. Bc4 Nd7 14. Bxe6 Kxe6 15. Ke2 Rhd8 16. Nb3 Bf8 17. N1d2 Nc5 18. Nxc5+ Bxc5 19. Nc4 a5 20. Rhd1 b6 21. f3 f6 22. Rac1 Ke7 23. g4 Rxd1 24. Rxd1 Rd8 25. Rb1 Ra8 26. b4 axb4 27. cxb4 b5 28. axb5 cxb5 29.
Nxe5 Ra2+ 30. Kd1 Bd6 31. Nc6+ Kd7 32. Nd4 Rxh2 33. Rb3 Rh1+ 34. Ke2 h5 35. Nxb5 Bf4 36.
gxh5 gxh5 37. Rd3+ Ke7 38. Nc3 Ke6 39. Nd5 Bd6 40.
b5 Rb1 41. b6 h4 42. f4 h3 43.
Rxh3 Rb2+ 44. Kf3 Rb3+ 45. Kg4 Rb1 46. Rh6 Be7 47. Nxe7 Kxe7 48. b7 Ke6 49. Rh7 f5+ 50. exf5+ Kf6 51. Rc7 Rxb7 52. Rc6+ Kf7 53. Kg5 Rd7 54.
Rh6 Kg7 55. f6+ Kg8 56. Rg6+ Kf8 57. Rh6 Rd1 58. Kf5 Ra1 59. Rh8+ Kf7 60. Rh7+ Kf8 61. Re7 Ra5+ 62. Re5 Ra1 63. Kg6 Rg1+ 64. Rg5 Rf1 65. f5 Rh1 66. f7 Rh2 67. Kf6 Rh6+ 68. Rg6 Rh8 69. Rg8+ Rxg8 70. fxg8=Q+ Kxg8 71. Ke7 1-0

[Event "*** Titled Tuesday Blitz"]
[Site "Chess.com"]
[Date "2020.11.03"]
[Round "3"]
[White "Baby_Legs"]
[Black "AryanTari"]
[Result "1-0"]
[WhiteElo "2692"]
[BlackElo "2892"]
[TimeControl "180+1"]
[EndTime "10:32:28 PST"]
[Termination "Baby_Legs won on time"]

1. Nf3 d5 2. e3 Nf6 3. c4 e6 4.
b3 Bd6 5. Bb2 O-O 6. Nc3 b6 7.
cxd5 exd5 8. d4 Bb7 9. Bd3 a6 10. O-O Re8 11. Rc1 Nbd7 12. Rc2 Ne4 13. Ne2 a5 14. a4 c5 15. dxc5 Ndxc5 16. Bb5 Re6 17. Ned4 Rg6 18. g3 Bf8 19. Ne5 Rh6 20. Qg4 Bc8 21.
Qe2 Bd6 22. Ndc6 Qf8 23. Rd1 Be6 24. Nd3 Nxb3 25. Nf4 Nbc5 26. Nxd5 Bxd5 27. Rxd5 Rc8 28. Rf5 Rg6 29. Ne5 Bxe5 30. Bxe5 Qe7 31. Bd4 Rf8 32. Re5 Qb7 33. f3 Ng5 34. e4 Nge6 35. Be3 Nd7 36. Rd5 Nf6 37. Rf5 Nxe4 38. fxe4 Qxe4 39.
Rf1 Qb7 40. Bc4 Re8 41. Qf2 Rf6 42. Qe1 Ng5 43. Bxg5 Rxe1 44. Rxe1 h6 45. Bxf6 gxf6 46. Bf1 Kg7 47. Rf2 Qc6 48. Bb5 Qc3 49. Ref1 Qd4 50.
Kg2 Qd5+ 51. Rf3 h5 52. h4 Qd2+ 53. R1f2 Qd5 54. Kh2 Qd4 55. Rxf6 Kg8 56. R6f5 Qe4 57. Rxf7 Qe3 58. R7f5 Qd4 59. Rg5+ Kh8 60. Rxh5+ Kg7 61. Rg5+ Kh6 62. Rgf5 Qe3 63. Be2 Qd4 64. R5f4 Qc5 65. g4 Qe5 66. g5+ Kg6 67. Kg3 Qe3+ 68. Bf3 Qc3 69.
Kg4 Qc8+ 70. Kg3 Qc7 71. Be4+ Kg7 72. h5 Qe5 73. Kg4 Qe6+ 74. Bf5 Qe1 75. h6+ Kh8 76. Be4 Qg1+ 77. Kf5 Qc1 78. Kg6 1-0

[Event "*** Titled Tuesday Blitz"]
[Site "Chess.com"]
[Date "2020.11.03"]
[Round "3"]
[White "lefonghua"]
[Black "GMaka"]
[Result "0-1"]
[WhiteElo "2449"]
[BlackElo "2397"]
[TimeControl "180+1"]
[EndTime "10:32:34 PST"]
[Termination "GMaka won by checkmate"]

1. d4 Nf6 2. c4 Nc6 3. Nf3 e6 4. g3 Bb4+ 5. Bd2 Qe7 6. Bg2 Bxd2+ 7. Nbxd2 d6 8. O-O O-O 9. e4 e5 10. d5 Nb8 11. b4 c6 12. Qb3 cxd5 13. cxd5 Bg4 14.
Rfc1 Bxf3 15. Bxf3 Rd8 16. Rc2 Ne8 17. Rac1 Nd7 18.
Nc4 Nb6 19. Na5 Rac8 20. Rc3 Rxc3 21. Rxc3 Rc8 22. Bg4 Rc7 23. Qc2 Rxc3 24. Qxc3 g6 25. Bh3 Kg7 26. Bc8 Nc7 27. Bxb7 Nb5 28. Qe3 Nd4 29. Bc6 f5 30. exf5 Nxf5 31. Qc1 Nd4 32. Kg2 Qf7 33. Qe3 Nxd5 34. Qe4 Nxb4 35. a3 Nbxc6 36.
Nxc6 Qc7 37. Nxd4 exd4 38. Qxd4+ Kf7 39. Qd5+ Ke7 40. h4 a5 41. a4 Qc5 42. Qb7+ Kf6 43. Qxh7 Qc6+ 44. Kg1 Qxa4 45. Qh8+ Kf7 46. Qh7+ Kf6 47.
Qh8+ Kf7 48. Qd8 Qb4 49. Qd7+ Kf6 50. Qd8+ Ke5 51. Qe8+ Kd5 52. Qf7+ Kc5 53. Qxg6 a4 54. Qf5+ d5 55. Qf8+ Kc4 56. Qf4+ d4 57. Qc1+ Qc3 58.
Qf1+ d3 59. h5 a3 60. Qb1 d2 61. Kg2 Qc1 62. Qe4+ Kb3 63. Qd5+ Kb2 64. Qd4+ Qc3 65. Qb6+ Kc2 66. Qg6+ Qd3 67. Qc6+ Qc3 68. Qg6+ Kc1 69. Qg5 a2 70. h6 a1=Q 71. h7 Qa8+ 72. Kg1 Qe8 73.
Kg2 Qe4+ 74. Kh2 Qxh7+ 75. Kg2 Qe4+ 76. Kh2 Qef3 77. Kg1 Qcd3 78. Qc5+ Qc3 79. Qg5 Qd1+ 80. Kg2 Qc6+ 81. Kh2 Qch1# 0-1

[Event "*** Titled Tuesday Blitz"]
[Site "Chess.com"]
[Date "2020.11.03"]
[Round "3"]
[White "Qvalda"]
[Black "731291"]
[Result "0-1"]
[WhiteElo "2403"]
[BlackElo "2626"]
[TimeControl "180+1"]
[EndTime "10:32:42 PST"]
[Termination "731291 won on time"]

1. e4 c5 2. c3 Nf6 3. e5 Nd5 4. Nf3 d6 5. exd6 Qxd6 6. d4 cxd4 7. Qxd4 Nc6 8. Bb5 Bd7 9. Bxc6 Bxc6 10. O-O e6 11. Rd1 Qc5 12. c4 Nb4 13. Na3 Qf5 14.
Ne5 Qe4 15. Qxe4 Bxe4 16. Nb5 Na6 17. Be3 f6 18. Nf3 Be7 19. Nxa7 O-O 20. Nb5 Nb4 21. a3 Nc2 22. Rac1 Nxe3 23. fxe3 Bc5 24. Kf2 g5 25. h3 h5 26. b4 Bb6 27. Rd6 Bc6 28. Rxe6 Rae8 29.
Rxe8 Rxe8 30. Nbd4 Be4 31. c5 Bc7 32. Nb5 Re7 33.
Nxc7 Rxc7 34. Rd1 Kf7 35. Rd6 Rc8 36. a4 h4 37. Nd4 Ra8 38. a5 Re8 39. Rd7+ Kg6 40.
Rc7 Re5 41. Nb5 Rd5 42. Nd4 Re5 43. b5 Re8 44. a6 bxa6 45. bxa6 Rb8 46. a7 Rb2+ 47.
Ke1 Ra2 48. c6 Bxg2 49. Nb5 g4 50. hxg4 h3 51. Rc8 h2 52. Rh8 h1=Q+ 53. Rxh1 Bxh1 54. c7 Bb7 55. Kd1 Bf3+ 56. Kc1 Bxg4 57. Kb1 Ra5 58.
Kc2 Bc8 59. Kc3 Bb7 60. Kb4 Ra6 61. Kc5 Rc6+ 62. Kb4 Kf7 63. Ka5 Ke7 64. e4 Kd7 65. Kb4 Rb6 66. Kc5 Rc6+ 67. Kb4 Rc1 68. Ka5 Bxe4 69.
Kb6 Rc6+ 70. Kb7 Rc5+ 71. Kb6 Rc6+ 72. Ka5 Re6 73. Kb4 Ba8 74. Kc5 Re5+ 75. Kb6 Rxb5+ 76. Kxb5 Kxc7 77. Kc5 f5 78. Kd4 Be4 79. Ke5 Kb7 0-1

[Event "*** Titled Tuesday Blitz"]
[Site "Chess.com"]
[Date "2020.11.03"]
[Round "3"]
[White "pavelalexandru07"]
[Black "Flutaga"]
[Result "0-1"]
[WhiteElo "2308"]
[BlackElo "1937"]
[TimeControl "180+1"]
[EndTime "10:32:43 PST"]
[Termination "Flutaga won by checkmate"]

1. e4 e5 2. Nf3 Nc6 3. Bb5 a6 4.
Ba4 Nf6 5. O-O Bc5 6. c3 b5 7. Bb3 d6 8. a4 Bg4 9. d3 h6 10. Nbd2 O-O 11. Re1 Bb6 12. Nf1 Ne7 13. Ng3 Ng6 14.
h3 Be6 15. Bc2 Re8 16. d4 d5 17. Nxe5 Nxe5 18. dxe5 Nxe4 19. Nxe4 dxe4 20. Qxd8 Raxd8 21.
Bxe4 Bd5 22. Bxd5 Rxd5 23. Bf4 g5 24. Bg3 Rd2 25. axb5 axb5 26. b3 Rd3 27. Rac1 Rxg3 28. c4 bxc4 29. bxc4 Bc5 30. e6 Rxe6 31. Rxe6 fxe6 32.
Re1 Rc3 33. Rxe6 Rxc4 34. Rxh6 Kg7 35. Ra6 Rc1+ 36. Kh2 Bd6+ 37. g3 Rc2 38. Kg2 Kg6 39. Kf3 Rc3+ 40. Ke4 Rc2 41. f3 Kg7 42. Kf5 Bxg3 43. Kxg5 Bd6 44. f4 Rc5+ 45. f5 Kf7 46. Ra8 Rc4 47. Ra7 Be7+ 48. f6 Bxf6+ 49. Kf5 Be7 50. Ra6 Bd6 51. h4 Rxh4 52. Kg5 Rd4 53. Kf5 Rd5+ 54. Ke4 Re5+ 55. Kd4 Ke6 56. Ra7 Rd5+ 57.
Kc4 Rc5+ 58. Kb4 Kd7 59. Rb7 Rc6+ 60. Ka4 Kc8 61. Ra7 Kb8 62. Ra5 Rc4+ 63. Kb3 Rb4+ 64. Kc3 Kb7 65. Rd5 Rb6 66. Kd4 Kc6 67. Rf5 Rb4+ 68.
Kd3 Rb5 69. Rf6 Kd5 70. Rf5+ Be5 71. Kc2 c5 72. Rh5 Rb2+ 73. Kd3 c4+ 74. Ke3 Rb3+ 75. Kd2 c3+ 76. Kc2 Rb2+ 77. Kd3 Rd2+ 78. Ke3 Rd4 79. Rh2 Bxh2 80. Kf3 c2 81. Kg2 c1=Q 82.
Kf3 Qc3+ 83. Kg2 Rd2+ 84. Kh1 Qc1# 0-1

[Event "*** Titled Tuesday Blitz"]
[Site "Chess.com"]
[Date "2020.11.03"]
[Round "3"]
[White "Maghalashvili"]
[Black "Guenplen"]
[Result "1-0"]
[WhiteElo "2683"]
[BlackElo "2890"]
[TimeControl "180+1"]
[EndTime "10:32:48 PST"]
[Termination "Maghalashvili won by resignation"]

1. Nf3 d5 2. g3 c6 3. Bg2 Bg4 4.
O-O Nd7 5. d4 e6 6. h3 Bh5 7. c4 Ngf6 8. cxd5 exd5 9. Qb3 Nb6 10. Nc3 Be7 11. Ne5 Nfd7 12. g4 Bg6 13. f4 Nxe5 14. dxe5 h5 15. f5 Bc5+ 16. e3 hxg4 17. fxg6 gxh3 18. gxf7+ Kf8 19. Bf3 Qg5+ 20. Kh1 Qxe5 21.
Ne2 g5 22. Qc3 Qxc3 23. bxc3 Rh7 24. Nd4 Bxd4 25. exd4 Rxf7 26. Bxg5 Kg7 27. Bh5 Rd7 28. Rae1 Nc4 29. Re6 Kg8 30. Rg6+ Rg7 31. Rxg7+ Kxg7 32. Rf7+ Kg8 33. Rxb7 Nd6 34. Rc7 Ne4 35. Bf7+ Kh8 36. Bf4 Nxc3 37. Rxc6 Ne2 38. Be5+ Kh7 39. Bxd5 Rf8 40.
Be4+ Kg8 41. Rg6+ Kf7 42. Rf6+ Ke7 43. Rxf8 Kxf8 44. Bd3 Nc3 45. Bc4 Ne4 46. Kh2 Ng5 47.
Bf4 Nf3+ 48. Kxh3 Nxd4 49. Be3 Nc2 50. Bxa7 Ke7 51. Bd3 Ne1 52. Be4 Kd6 53. Bf2 Ke5 54. Bh7 Nf3 55. Kg2 Nd2 56. Be3 Nc4 57. Bc1 Kd5 58. Kf2 Kc5 59. Ke2 Nb6 60. Bd2 Kb5 61. Bd3+ Ka4 62. Bc1 Nd5 63. Kd2 Nb4 64. Bc4 Nxa2 65.
Bxa2 Kb4 66. Bb2 Kc5 67. Kd3 Kb4 68. Bd4 Kb5 69. Bc4+ Kc6 70. Ke4 Kd6 71. Kf5 Kc6 72. Ke6 Kc7 73. Bd5 Kc8 74. Kd6 Kd8 75. Bf6+ Ke8 76. Ke6 Kf8 77. Bc6 Kg8 78. Ke7 Kh7 79.
Bf3 Kh6 80. Kf7 Kh7 81. Bg5 Kh8 82. Bh5 Kh7 83. Bg6+ 1-0

[Event "*** Titled Tuesday Blitz"]
[Site "Chess.com"]
[Date "2020.11.03"]
[Round "3"]
[White "Orange_Ghost"]
[Black "enriquetejedor"]
[Result "0-1"]
[WhiteElo "2797"]
[BlackElo "2476"]
[TimeControl "180+1"]
[EndTime "10:32:53 PST"]
[Termination "enriquetejedor won by resignation"]

1. d4 Nf6 2. c4 c6 3. Nc3 d5 4. cxd5 cxd5 5. Bf4 Nc6 6. e3 a6 7.
Nf3 Bf5 8. Bd3 Bxd3 9. Qxd3 e6 10.
O-O Bd6 11. Bg5 O-O 12. Rac1 Rc8 13. e4 dxe4 14. Nxe4 Be7 15. Bxf6 Bxf6 16. Rfd1 Be7 17. a3 Qb6 18. b4 Rfd8 19. Kh1 h6 20. Nc3 Bf6 21.
Na4 Qa7 22. Nc5 Nxd4 23. Qe4 Nxf3 24. Qxf3 b6 25. Ne4 Rxc1 26. Rxc1 Bd4 27. Qf4 Qb8 28. Qf3 Bb2 29. Rb1 Be5 30. Qe2 Qb7 31. Re1 Bb8 32.
Kg1 Qc7 33. g3 a5 34. Rb1 axb4 35. axb4 Qc6 36. b5 Qd5 37. Rc1 Be5 38. Re1 Bd4 39.
Rd1 Ra8 40. Qf3 Rd8 41. Kg2 Qxb5 42. Nc3 Qe8 43. Ne4 Be5 44. Rb1 Rb8 45. Qe3 Bc7 46.
Nc3 Qc6+ 47. Kg1 b5 48. Qd3 b4 49. Ne4 b3 50. Nd2 b2 51. Nb3 Be5 52. Nd2 Rb5 53.
Nf3 Bf6 54. Qe2 Rd5 55. Kg2 Qc1 56. Qe4 Qc7 57. h4 Qd7 58. Qe2 Rd6 59. g4 Rc6 60. g5 hxg5 61. hxg5 Bc3 62. Qe3 e5 63. Qe4 Rc8 64.
Rh1 g6 65. Rb1 Kf8 66. Nh2 Qf5 67. Qxf5 gxf5 68. Nf1 f4 69. Nh2 Bd4 70. Nf1 Rc1 71. Nd2 Rxb1 72. Nxb1 Kg7 73. Kf3 Kg6 74. Kg4 Bxf2 75.
Nd2 Bb6 76. Nb1 Bc7 77. Nc3 e4 78. Nb1 Bd8 79. Nd2 Bxg5 80. Nb1 f5+ 81. Kh3 f3 82. Kg3 Bh4+ 83. Kh3 f2 84. Kg2 e3 85. Kf1 f4 86.
Nc3 f3 87. Ne2 b1=Q+ 0-1

[Event "*** Titled Tuesday Blitz"]
[Site "Chess.com"]
[Date "2020.11.03"]
[Round "3"]
[White "Vesper2018"]
[Black "lider34"]
[Result "1-0"]
[WhiteElo "2613"]
[BlackElo "2391"]
[TimeControl "180+1"]
[EndTime "10:32:55 PST"]
[Termination "Vesper2018 won on time"]

1. e4 c6 2. Nf3 d5 3. exd5 cxd5 4.
Ne5 Nc6 5. d4 Nf6 6. c3 Nxe5 7.
dxe5 Ng4 8. Bb5+ Bd7 9. Qxd5 Bxb5 10. Qxb5+ Qd7 11. Qxd7+ Kxd7 12. f4 f6 13. h3 Nh6 14.
Nd2 fxe5 15. fxe5 Nf7 16. Nf3 g6 17. Bf4 Bg7 18. O-O-O+ Ke8 19. e6 Nd8 20. Rhe1 Rf8 21. Bc7 Bh6+ 22. Kc2 Bf4 23. Bxf4 Rxf4 24. Rd7 Rb8 25. Rd2 Nc6 26. Ng5 h5 27. Ree2 Rc8 28.
Rf2 Rxf2 29. Rxf2 Ne5 30. Nh7 Kd8 31. Re2 Nc6 32. Nf8 Nd4+ 33. Kd3 Nxe2 34. Kxe2 g5 35. Nh7 Rc5 36. Kd3 Re5 37. g4 hxg4 38. hxg4 Rxe6 39.
Nxg5 Rg6 40. Nf7+ Kc7 41. Ne5 Rg5 42. Kd4 e6 43. Ke4 Rg8 44. Kf4 Kd6 45. g5 Rf8+ 46.
Ke4 Rf2 47. Nf3 Rxb2 48. Nh4 Rxa2 49. g6 Ra4+ 50. Kf3 Rxh4 51. g7 Rh3+ 52. Kg2 Rxc3 53. g8=Q Rc6 54. Qb8+ Kd5 55. Qxb7 a5 56. Qa8 e5 57.
Qxa5+ Kd6 58. Kf3 Rc5 59. Qa6+ Rc6 60. Qb5 Rc5 61. Qb4 Kd5 62. Ke3 Rc4 63. Qb3 Kc5 64.
Qb2 Rd4 65. Qc3+ Kd5 66. Qc7 Rc4 67. Qf7+ Kc5 68. Qe6 Rd4 69. Qxe5+ Rd5 70. Qc3+ Kb5 71. Ke4 Rc5 72. Qb3+ Kc6 73. Kd4 Rb5 74. Qe6+ Kc7 75. Kc4 Rb6 76. Qe7+ Kc6 77. Qf7 Kd6 78. Qf4+ Kd7 79.
Kc5 Rc6+ 80. Kd5 Rc7 81. Qf7+ Kd8 82. Qf8+ Kd7 83. Qf5+ Kd8 84. Kd6 1-0

[Event "*** Titled Tuesday Blitz"]
[Site "Chess.com"]
[Date "2020.11.03"]
[Round "3"]
[White "Harsha_Bharathakoti"]
[Black "bratkoo"]
[Result "1-0"]
[WhiteElo "2811"]
[BlackElo "2511"]
[TimeControl "180+1"]
[EndTime "10:33:06 PST"]
[Termination "Harsha_Bharathakoti won by checkmate"]

1. Nf3 e6 2. c4 d5 3. e3 Nf6 4. Nc3 Be7 5. b3 dxc4 6. bxc4 c5 7. Bb2 O-O 8. Be2 b6 9. O-O Bb7 10. d3 Nbd7 11. Qc2 Rc8 12. Rfd1 Qc7 13. Rac1 Qb8 14. h3 Rfd8 15. a3 h6 16. Qb1 Nh7 17. Ne4 Ndf6 18. Ned2 Nf8 19. Bc3 Ng6 20. Qb2 Bc6 21. Qb3 e5 22. a4 e4 23. dxe4 Nxe4 24. Nxe4 Bxe4 25. Qb2 Bf8 26. a5 bxa5 27. Qxb8 Rxb8 28. Bxa5 Rxd1+ 29. Bxd1 Rb1 30. Rxb1 Bxb1 31. Kf1 Bd6 32. Nd2 Bd3+ 33.
Be2 Bc2 34. Bf3 Nf8 35. Be4 Ba4 36. Nb1 Bb3 37. Nd2 Ba4 38. Bd5 Nd7 39. Ne4 Be7 40.
Nc3 Bc2 41. Ke2 Ne5 42. Bc7 Bf6 43. Ne4 Bxe4 44. Bxe4 Nxc4 45. Bd3 Nb2 46. Bb5 c4 47. Kd2 Kf8 48. Bd6+ Be7 49. Bb8 a5 50. Bc7 Bb4+ 51. Kc2 Nd3 52. Bxc4 Nxf2 53. Bb6 Ke7 54. Bb3 f5 55.
Bd4 g5 56. Bg7 h5 57. Bd4 g4 58. hxg4 fxg4 59. Bd5 Kd6 60. e4 Nh1 61. Kd3 h4 62. Ke3 Ng3 63. Bf6 h3 64. gxh3 gxh3 65. Bh4 h2 66.
Bxg3+ Kc5 67. Bxh2 a4 68. Kd3 a3 69. Be5 Be1 70. Bd4+ Kb4 71. Ba2 Bg3 72. e5 Bh4 73.
Ke4 Kb5 74. Kd5 Kb4 75. e6 Ka4 76. Bc5 Kb5 77. Bxa3 Kb6 78. Bd6 Kb7 79. Bc4 Kc8 80.
Ke5 Bg3+ 81. Kd5 Bh4 82. Ke4 Kd8 83. Bb5 Be7 84. Bxe7+ Kxe7 85. Ke5 Kf8 86. Kf6 Kg8 87. e7 Kh7 88. e8=Q Kh6 89. Qg6# 1-0

[Event "*** Titled Tuesday Blitz"]
[Site "Chess.com"]
[Date "2020.11.03"]
[Round "3"]
[White "Eliwood44"]
[Black "DenLaz"]
[Result "0-1"]
[WhiteElo "2446"]
[BlackElo "2735"]
[TimeControl "180+1"]
[EndTime "10:33:20 PST"]
[Termination "DenLaz won on time"]

1. d4 Nf6 2. Nf3 e6 3. e3 b6 4. Bd3 Bb7 5. O-O c5 6. c4 g6 7. Nc3 Bg7 8. d5 exd5 9. cxd5 O-O 10. e4 d6 11. h3 a6 12. a4 Re8 13. Bf4 Qc7 14.
Nd2 Nbd7 15. Re1 Ne5 16. Bf1 h6 17. Rc1 Nfd7 18. Bh2 g5 19. b4 Qd8 20. Qb3 Qf6 21. Nc4 Nxc4 22. Bxc4 Rab8 23. bxc5 bxc5 24. Qd1 Ne5 25. Be2 Bc8 26. a5 Rb4 27. Rb1 Qd8 28.
Rxb4 cxb4 29. Na2 Qxa5 30. Qb3 Bd7 31. Nxb4 Rb8 32. Rb1 f5 33. Bxa6 f4 34. Bf1 Qc5 35.
Rb2 Nf3+ 36. gxf3 Bxb2 37. Qxb2 Rxb4 38. Qf6 Be8 39. Qxh6 Qd4 40. Qxg5+ Qg7 41. Qxg7+ Kxg7 42. Bxf4 Rb6 43. Be3 Rb3 44. f4 Bg6 45. f5 Bh5 46.
Kg2 Kf7 47. Ba6 Ke7 48. Bc8 Rb4 49. f3 Rb3 50. Bg5+ Ke8 51. Be6 Bxf3+ 52. Kg3 Bxe4+ 53. Kf4 Bd3 54. f6 Bg6 55. h4 Rb4+ 56. Kg3 Bf7 57. Kf3 Rb1 58. Kf4 Rf1+ 59. Kg4 Rg1+ 60. Kf4 Rf1+ 61.
Ke3 Bg6 62. Kd4 Re1 63. Kc4 Bf7 64. Kb5 Bxe6 65. dxe6 Rxe6 66. Kc6 Kf7 67. Kd5 Re1 68.
Kxd6 Kg6 69. Kc5 Kf7 70. Kd6 Re2 71. Kd5 Rf2 72. Kd6 Ra2 73. Kd5 Ra5+ 74. Kd6 Rb5 75. Kc6 Rf5 76. Kd6 Ra5 77. Kc6 Ke6 78. Kb6 Ra2 79. Kc5 Ra4 80. Kb5 Rg4 81. Kc5 Re4 82. Kb5 Re1 83. Kc4 Rd1 84. Kc5 Rd3 85. Kc4 Rd7 86.
Kc5 Rc7+ 87. Kd4 Kf5 88. Kd5 Rd7+ 89. Kc6 Ke6 90. Kc5 Rf7 91. Kd4 Kf5 92. Kd5 Rd7+ 93. Kc6 Rf7 94. Kd5 Kg6 95. Ke6 Ra7 0-1

[Event "*** Titled Tuesday Blitz"]
[Site "Chess.com"]
[Date "2020.11.03"]
[Round "3"]
[White "almatyonelove"]
[Black "Fandorine"]
[Result "1-0"]
[WhiteElo "2591"]
[BlackElo "2826"]
[TimeControl "180+1"]
[EndTime "10:34:05 PST"]
[Termination "almatyonelove won by resignation"]

1. d4 Nf6 2. c4 g6 3. Nc3 Bg7 4.
e4 d6 5. h3 O-O 6. Be3 Na6 7.
Bd3 e5 8. d5 Nc5 9. Bc2 a5 10.
Nge2 Bd7 11. g4 Qe8 12. a4 Bc8 13. Ng3 Nfd7 14. Qd2 Na6 15. Ra3 Ndc5 16. f3 Bd7 17.
h4 Nb4 18. h5 Qe7 19. Bb1 c6 20. Kf2 cxd5 21. cxd5 Rac8 22. Kg2 b6 23. Bg5 Bf6 24. Be3 Rc7 25. Qd1 Bg5 26. Bf2 Qf6 27. Nce2 b5 28. axb5 Bxb5 29. Rxa5 Bxe2 30. Qxe2 Nb3 31.
Rb5 Nc1 32. Qd1 Na6 33. Rb6 Nc5 34. b4 N5b3 35. Rc6 Rb7 36. Qe1 Nd2 37. Rxc1 Qxf3+ 38. Kh2 Qxg4 39. Qd1 Nf3+ 40. Kg2 Bxc1 41. Qxf3 Qxf3+ 42. Kxf3 Bd2 43. Bd3 Rxb4 44. Ke2 Bf4 45. Rb1 Rxb1 46.
Bxb1 Rb8 47. Bd3 Rb2+ 48. Kf3 Rb3 49. Ke2 Kg7 50. Nf1 Rb2+ 51. Kf3 Rb3 52. Ke2 gxh5 53. Ba6 Ra3 54. Bc8 Ra4 55. Bf5 Ra2+ 56. Kf3 Ra3+ 57. Kg2 Bg5 58. Ng3 h4 59. Ne2 h5 60. Ng1 Be3 61.
Nh3 Bxf2 62. Kxf2 Rg3 63. Kf1 Kf6 64. Kf2 Ke7 65. Kf1 Kd8 66. Nf2 Kc7 67. Nh1 Rg5 68.
Nf2 Kb6 69. Nd3 Kb5 70. Ne1 Rg3 71. Kf2 Kc5 72. Ng2 Kd4 73. Nxh4 Ra3 74. Nf3+ Kd3 75.
Ng5 h4 76. Kg2 Ke3 77. Nxf7 Ra6 78. Ng5 Kf4 79. Ne6+ Ke3 80. Kh3 Kd3 81. Kxh4 Kc4 82. Kg5 Kb5 83. Kf6 Kb6 84. Ke7 Kb5 85. Kd7 Kb4 86.
Nc7 Rb6 87. Ne8 Kc5 88. Ke6 Rb7 89. Nf6 Ra7 90. Nd7+ Kd4 91. Nf8 Ra6 92. Ng6 Rb6 93. Ne7 Kc5 94. Nc6 Rb1 95. Nd8 Rb8 96. Nf7 Re8+ 97.
Kd7 Ra8 98. Ke6 Re8+ 99. Kf6 Ra8 100. Ng5 Rf8+ 101. Ke7 Ra8 102. Ne6+ Kb6 103. Kxd6 Rg8 104. Kxe5 Rg1 105. Kf6 Rd1 106. Ke7 Re1 107. d6 Rd1 108. d7 1-0